 Dungeon Sprint DCSS version 0.19.0-11-g3fc08b3 (webtiles) character file.

1022 equalderp2856 the Ripper (level 8, -16/40 HPs)
             Began as a Felid Fighter on Nov 8, 2016.
             Demolished by an orc knight
             ... wielding a +2 long sword
              (22 damage)
             ... in the Dungeon (Sprint IX: "|||||||||||||||||||||||||||||").
             The game lasted 00:03:21 (1255 turns).

equalderp2856 the Ripper (Felid Fighter)            Turns: 1255, Time: 00:03:21

Health: -16/40     AC:  2    Str: 14    XL:     8   Next: 2%
Magic:  9/9        EV: 28    Int: 15    God:
Gold:   0          SH:  0    Dex: 16    Spells: 0 memorised, 7 levels left
                                        Lives:  0   Deaths: 2

rFire  . . .     SeeInvis +       - Unarmed
rCold  . . .     Gourm    .     (armour unavailable)
rNeg   . . .     Faith    .     (shield unavailable)
rPois  .         Spirit   .     (helmet unavailable)
rElec  .         Reflect  .     (cloak unavailable)
rCorr  .         Harm     .     (gloves unavailable)
MR     +....     NoTele   +     (boots unavailable)
Stlth  ++++......               (no amulet)
                                n - +3 ring of intelligence
                                m - +3 ring of intelligence

@: quick
A: no armour, no weapons or thrown items, stealth, claws 1, fangs 3, see
invisible, carnivore 3, speed 1, shaggy fur 2, slow metabolism 1, sharp paws
a: no special abilities


You were in the Dungeon.
You were not hungry.

You visited 1 branch

Inventory:

Jewellery
 m - a +3 ring of intelligence (left paw)
 n - a +3 ring of intelligence (right paw)
Wands
 l - a wand of lightning (7/15)
Scrolls
 h - 2 scrolls of blinking
 j - 3 scrolls of remove curse
 k - 2 scrolls of amnesia
Potions
 a - a potion of might
 c - a potion of invisibility
 e - a potion of haste
 f - 4 potions of magic
 g - a potion of berserk rage
 i - 4 potions of curing
Comestibles
 b - 13 meat rations


   Skills:
 + Level 7.5 Fighting
 + Level 12.6 Dodging
 + Level 8.3 Stealth
 + Level 15.2 Unarmed Combat


You had 7 spell levels left.
You didn't know any spells.

Dungeon Overview and Level Annotations

Branches:
Dungeon (1/1)

Altars:
Cheibriados
Dithmenos
Elyvilon
Fedhas
Gozag
Hepliaklqana
Kikubaaqudgha
Makhleb
Nemelex Xobeh
Okawaru
Qazlal
Ru
Sif Muna
Trog
Uskayaw
Vehumet
Xom
Yredelemnul
Zin
The Shining One
Beogh
Jiyva
Lugonu

Shops:
D *


Innate Abilities, Weirdness & Mutations

You cannot wear armour.
You are incapable of wielding weapons or throwing items.
Your paws allow you to move quietly. (Stealth)
You have sharp claws.
You have razor-sharp teeth.
You have supernaturally acute eyesight. (SInv)
You are carnivorous and can eat meat at any time.
You cover ground quickly.
You are covered in thick fur. (AC +2)
You have a slow metabolism.
Your sharp claws are effective at attacking unaware monsters.


Message History

The orc knight roars a battlecry!
The orcs go into a battle-frenzy!
You closely miss the orc warrior. The orc warrior completely misses you.
You claw the orc warrior!
The orc warrior is heavily wounded.
You scratch the orc warrior.
The orc warrior is severely wounded.
You closely miss the orc knight. Your bite misses the orc knight.
You scratch the orc knight.
The orc knight is lightly wounded.
You closely miss the orc knight.
The orc knight is lightly wounded.
The orc knight hits you with an enchanted long sword!!
Ouch! That really hurt!
* * * LOW HITPOINT WARNING * * *
You claw the orc knight!
The orc knight is lightly wounded.
The orc knight hits you with an enchanted long sword!!
Ouch! That really hurt!
You die...

▓▓▓▓▓▓▓▓▓▓▓▓▓▓▓▓.▓
$∩ooooo@.........▓
▓▓▓▓▓▓▓▓▓▓▓▓▓▓▓▓▓▓ ▓
▓▓▓▓▓▓▓▓▓▓▓▓▓▓▓▓▓▓▓▓.▓
...?!))†%.[[[[..'h†..▓
▓▓▓▓▓▓▓▓▓▓▓▓▓▓▓▓▓▓▓▓▓▓
▓▓▓▓▓▓▓▓▓▓▓▓▓▓▓▓▓▓▓▓▓▓▓▓
..|)[[[..'.(....(†CcyFK+


You could see 3 orc knights and 2 orc warriors.

Vanquished Creatures
  An orc knight (D)
  An ugly thing (D)
  A troll (D)
  2 wargs (D)
  4 hell hounds (D)
  An ogre (D)
  A wolf (D)
  A crimson imp (D)
  A hound (D)
  A jelly (D)
  An orc wizard (D)
  A worker ant (D)
  An adder zombie (D)
  An adder skeleton (D)
  A leopard gecko (D)
  A bat skeleton (D)
  A giant cockroach (D)
  A goblin (D)
  A hobgoblin (D)
  A bat (D)
  A kobold (D)
25 creatures vanquished.

Notes
Turn   | Place    | Note
-------+----------+-------------------------------------------
     0 | D        | equalderp2856 the Felid Fighter began the quest for the Orb.
     0 | D        | Reached XP level 1. HP: 10/10 MP: 2/2
   173 | D        | Noticed a crimson imp
   173 | D        | Noticed an orc wizard
   173 | D        | Noticed a jelly
   173 | D        | Noticed an ogre
   175 | D        | Killed a crimson imp
   175 | D        | Reached skill level 5 in Dodging
   175 | D        | Reached skill level 1 in Stealth
   175 | D        | Reached skill level 6 in Unarmed Combat
   175 | D        | Reached XP level 2. HP: 15/15 MP: 3/3
   175 | D        | Reached XP level 3. HP: 18/18 MP: 4/4
   182 | D        | Reached skill level 7 in Unarmed Combat
   188 | D        | Reached XP level 4. HP: 7/22 MP: 5/5
   196 | D        | Killed an ogre
   196 | D        | Reached skill level 5 in Fighting
   196 | D        | Reached skill level 9 in Unarmed Combat
   196 | D        | Reached XP level 5. HP: 9/26 MP: 6/6
   566 | D        | Found a roughly hewn altar of Beogh.
   566 | D        | Found a snail-covered altar of Cheibriados.
   566 | D        | Found a shadowy altar of Dithmenos.
   566 | D        | Found a white marble altar of Elyvilon.
   566 | D        | Found a blossoming altar of Fedhas.
   566 | D        | Found an opulent altar of Gozag.
   567 | D        | Found a hazy altar of Hepliaklqana.
   568 | D        | Found a viscous altar of Jiyva.
   569 | D        | Found an ancient bone altar of Kikubaaqudgha.
   570 | D        | Found a corrupted altar of Lugonu.
   571 | D        | Found a burning altar of Makhleb.
   572 | D        | Found a sparkling altar of Nemelex Xobeh.
   573 | D        | Found an iron altar of Okawaru.
   574 | D        | Found a stormy altar of Qazlal.
   575 | D        | Found a sacrificial altar of Ru.
   576 | D        | Found a deep blue altar of Sif Muna.
   577 | D        | Found a bloodstained altar of Trog.
   578 | D        | Found a hide-covered altar of Uskayaw.
   579 | D        | Found a radiant altar of Vehumet.
   580 | D        | Found a shimmering altar of Xom.
   581 | D        | Found a basalt altar of Yredelemnul.
   582 | D        | Found a glowing silver altar of Zin.
   583 | D        | Found a glowing golden altar of the Shining One.
   608 | D        | Noticed a troll
   694 | D        | Killed a troll
   694 | D        | Reached skill level 11 in Unarmed Combat
   694 | D        | Gained mutation: You are covered in thick fur. (AC +2) [Felid growth]
   694 | D        | Reached XP level 6. HP: 12/31 MP: 7/7
   925 | D        | Noticed a green ugly thing
   925 | D        | Noticed a cyclops
   925 | D        | Noticed a centaur warrior
   932 | D        | Killed a green ugly thing
   932 | D        | Reached skill level 10 in Dodging
   932 | D        | Reached skill level 5 in Stealth
   932 | D        | Reached skill level 13 in Unarmed Combat
   932 | D        | Reached XP level 7. HP: 35/35 MP: 8/8
   935 | D        | Hit by a large rock thrown by a cyclops
   936 | D        | Reached XP level 6. HP: -1/31 MP: 7/7
   947 | D        | Noticed a warg
   947 | D        | Noticed a hell hound
   947 | D        | Noticed a hell hound
   947 | D        | Noticed a hell hound
   948 | D        | Noticed a warg
   952 | D        | Killed a hell hound
   952 | D        | Reached XP level 7. HP: 12/36 MP: 8/8
  1211 | D        | Reached skill level 14 in Unarmed Combat
  1232 | D        | Reached XP level 8. HP: 8/40 MP: 9/9
  1234 | D        | HP: 1/40 [hell hound/blast of flame (7)]
  1239 | D        | Slain by a hell hound
  1240 | D        | Reached XP level 7. HP: 0/36 MP: 8/8
  1244 | D        | Found Renex's General Store.
  1244 | D        | Noticed an orc knight
  1244 | D        | Noticed an orc knight
  1244 | D        | Noticed an orc knight
  1245 | D        | Noticed an orc knight
  1246 | D        | Killed an orc knight
  1246 | D        | Reached skill level 15 in Unarmed Combat
  1246 | D        | Reached XP level 8. HP: 40/40 MP: 9/9
  1255 | D        | Demolished by an orc knight

Skill      XL: |  1  2  3  4  5  6  7  8 |
---------------+-------------------------+-----
Fighting       | 4 5 6 7 |  7.5
Dodging        | 5 6 7 9 10 11 12 | 12.6
Stealth        | 1 2 3 6 8 |  8.3
Unarmed Combat | 6 7 9 11 13 15 | 15.2

Action                   |  1- 3 |  4- 6 |  7- 9 || total
-------------------------+-------+-------+-------++-------
Melee: Unarmed           |    25 |    44 |    49 ||   118
       Bite              |     2 |     7 |     3 ||    12
       Punch             |     1 |     3 |     1 ||     5
  Use: Potion            |     2 |       |     2 ||     4
 Stab: Sleeping          |     1 |       |     1 ||     2
       Distracted        |       |     1 |       ||     1
Armor: Skin              |       |     1 |     1 ||     2
Dodge: Dodged            |    16 |    34 |    31 ||    81
